 Dungeon Crawl Stone Soup version 0.25-a0-201-g0bb11aece9 (webtiles) character file.

Game seed: 15435917268984628937, levelgen mode: deterministic

159 MisterFreud the Skirmisher (level 5, -1/37 HPs)
             Began as an Octopode Artificer on Dec 2, 2019.
             Was an Initiate of Cheibriados.
             Slain by a wight
             ... wielding a +0 flail
              (2 damage)
             ... on level 4 of the Dungeon.
             The game lasted 00:03:38 (2841 turns).

MisterFreud the Skirmisher (Octopode Artificer)     Turns: 2841, Time: 00:03:39

Health: -1/37      AC:  3    Str: 12    XL:     5   Next: 40%
Magic:  7/7        EV: 14    Int: 18    God:    Cheibriados [......]
Gold:   125        SH:  0    Dex: 13    Spells: 4/4 levels left

rFire    . . .     SeeInvis .   l - +1 dagger (freeze)
rCold    . . .     Gourm    .   (no shield)
rNeg     . . .     Faith    .   (helmet restricted)
rPois    .         Spirit   .   (no amulet)
rElec    .         Reflect  .   j - +2 ring of protection
rCorr    .         Harm     .   t - +2 ring of intelligence
MR       +....                  B - ring of protection from magic
Stlth    +++.......             (no ring)
HPRegen  0.12/turn              (no ring)
MPRegen  0.10/turn              (no ring)
                                (no ring)
                                (no ring)

@: lightly drained, very slow
A: almost no armour, stealthy swim, amphibious, 8 rings, constrict 8, camouflage
1, gelatinous body 1
a: Bend Time, Renounce Religion


You were on level 4 of the Dungeon.
You worshipped Cheibriados.
Cheibriados was noncommittal.
You were not hungry.

You visited 1 branch of the dungeon, and saw 4 of its levels.

You collected 125 gold pieces.

Inventory:

Hand Weapons
 a - a +0 short sword
 l - a +1 dagger of freezing (weapon)
Missiles
 e - 97 stones (quivered)
 q - 57 bolts
 u - 23 poisoned darts
 C - 19 sling bullets
 F - 17 arrows
Jewellery
 j - a +2 ring of protection (left tentacle)
 t - a +2 ring of intelligence (right tentacle)
 B - a ring of protection from magic (on tentacle)
Wands
 b - a wand of flame (15)
 c - a wand of enslavement (15)
 d - a wand of random effects (15)
 h - a wand of iceblast (3)
Scrolls
 i - a scroll of amnesia {unknown}
 k - a scroll of enchant weapon
 m - a scroll of noise {unknown}
 p - a scroll of immolation {unknown}
 r - a scroll of fear {unknown}
 w - a scroll of enchant armour {unknown}
 x - 2 scrolls of remove curse
 y - 2 scrolls of teleportation
Potions
 g - a potion of ambrosia
 n - a potion of magic
 o - a potion of curing
 s - a potion of brilliance {unknown}
 v - a potion of haste {unknown}
 z - a potion of cancellation {unknown}
 A - a potion of flight {unknown}
 D - a potion of agility {unknown}
 E - 2 potions of heal wounds {unknown}
 G - 2 potions of invisibility {unknown}
Comestibles
 f - 8 rations


   Skills:
 - Level 4.1(3.5) Fighting
 - Level 1.0(0.4) Short Blades
 + Level 3.5(3.0) Dodging
 - Level 1.3(0.8) Stealth
 - Level 3.2(2.7) Evocations


You had 4 spell levels left.
You didn't know any spells.
Your spell library was empty.

Dungeon Overview and Level Annotations

Branches:
Dungeon (4/15)
 Temple: D:4-7

Altars:
Cheibriados
Fedhas
Gozag
Makhleb
Qazlal


Innate Abilities, Weirdness & Mutations

You cannot wear most types of armour.
You are very stealthy in the water. (Stealth+)
You are amphibious.
You can wear up to eight rings at the same time.
You can use your tentacles to constrict eight enemies at once.
Your skin changes colour to match your surroundings (Stealth+).
Your rubbery body absorbs attacks. (AC +1, EV +1)


Message History

You hit the wight but do no damage.
You squeeze the wight, but do no damage.
The wight is moderately damaged.
You constrict the wight.
Unknown command.
You hit the wight but do no damage.
The wight is moderately damaged.
You constrict the wight. The wight barely misses you.
You hit the wight but do no damage. You squeeze the wight.
The wight is severely damaged.
You constrict the wight, but do no damage.
The wight hits you with a +0 flail!
* * * LOW HITPOINT WARNING * * *
You hit the wight but do no damage.
The wight is severely damaged.
You constrict the wight, but do no damage.
The wight hits you with a +0 flail.
* * * LOW HITPOINT WARNING * * *
You feel drained.
You die...

#### # ..# .#
#.#####.# #.#.....#
#.....#######
#@#.#.......#
$.#.#####z#.#######.#
....z....z#.# #.#
....a..####.# #.#
...########.#### #.#
. ###.......# #.###
..........# #...#
##........# ###.#
..........######.###.


You could see 2 wights.

Vanquished Creatures
  An iguana (D:4)
  6 adders
  An ooze (D:3)
  2 worms
  A dart slug (D:1)
  3 leopard geckos (D:1)
  An orc (D:3)
  A ball python (D:1)
  5 giant cockroaches
  4 goblins (D:1)
  7 hobgoblins
  5 jackals
  6 bats
  5 frilled lizards
  A giant cockroach zombie (D:1)
  7 kobolds
  A leopard gecko zombie (D:1)
  6 rats
63 creatures vanquished.

Notes
Turn   | Place    | Note
-------+----------+-------------------------------------------
     0 | D:1      | MisterFreud the Octopode Artificer began the quest for the
                  | Orb.
     0 | D:1      | Reached XP level 1. HP: 13/13 MP: 3/3
    86 | D:1      | Reached skill level 2 in Fighting
    86 | D:1      | Reached XP level 2. HP: 12/19 MP: 4/4
   532 | D:1      | Reached XP level 3. HP: 25/25 MP: 5/5
   549 | D:1      | Reached skill level 3 in Fighting
  1224 | D:2      | Reached XP level 4. HP: 25/33 MP: 6/6
  1520 | D:2      | Found a burning altar of Makhleb.
  1548 | D:2      | Found a blossoming altar of Fedhas.
  1569 | D:2      | Reached skill level 4 in Fighting
  1780 | D:2      | Found a stormy altar of Qazlal.
  1780 | D:2      | Found an opulent altar of Gozag.
  2299 | D:3      | Found a snail-covered altar of Cheibriados.
  2308 | D:3      | Became a worshipper of Cheibriados the Contemplative
  2529 | D:3      | Reached XP level 5. HP: 27/37 MP: 7/7
  2759 | D:3      | Found a blossoming altar of Fedhas.
  2841 | D:4      | HP: 1/37 [wight/+0 flail (6)]
  2841 | D:4      | Slain by a wight

Levels and vault maps discovered:
D:1:      saegor_arrival_fortress, layout_loops_corners, kennysheep_flooded_box,
          hangedman_glass_teeth, minmay_strange_pillars, minmay_hexomino_u4
D:2:      layout_loops_ring, bloody_makhleb, old_standard_altar,
          amethyst_overflow_temple_binary, wander_ebering_terrifying_dragon_lair
D:3:      layout_loops_ring, lemuel_doored_altar, fedhas_altar_4
D:4:      layout_loops_ring, lemuel_crystal_altar,
          nicolae_overflow_crystal_walls, first_ration, uniq_sigmund

Skill      XL: |  1  2  3  4 |
---------------+-------------+-----
Fighting       | 2 3 4 |  4.1
Dodging        | 3 |  3.5
Short Blades   | |  1.0
Stealth        | |  1.3
Evocations     | |  3.2

Action                   |  1- 3 |  4- 6 || total
-------------------------+-------+-------++-------
Melee: Short sword       |    25 |       ||    25
       Constrict         |    20 |    12 ||    32
       Tentacles         |    12 |    18 ||    30
       Dagger            |    50 |    75 ||   125
  Use: Scroll            |       |     6 ||     6
 Stab: Sleeping          |     5 |     8 ||    13
  Eat: Chunk             |       |     6 ||     6
Armor: Skin              |     9 |     3 ||    12
Dodge: Dodged            |    64 |    32 ||    96

Table legend:
 A = Non-vault XP
 B = Vault XP
 C = Vault XP percentage of total XP
 D = Non-vault monster count
 E = Vault monster count
 F = Vault count percentage of total count
                 A         B        C        D         E       F
            +---------+---------+-------+---------+---------+-------
      Total |     217 |      11 |   4.8 |      55 |       8 |  12.7
            +---------+---------+-------+---------+---------+-------
        D:1 |      48 |      10 |  17.2 |      26 |       7 |  21.2
        D:2 |      64 |       1 |   1.5 |      17 |       1 |   5.6
        D:3 |      65 |       0 |   0.0 |      11 |       0 |   0.0
        D:4 |      40 |       0 |   0.0 |       1 |       0 |   0.0
            +---------+---------+-------+---------+---------+-------
